[Event "Early-Titled-Tuesday-Blitz-September-05-2023"]
[Site "Chess.com"]
[Date "2023.09.05"]
[Round "10"]
[White "DenLaz"]
[Black "Anton_Demchenko"]
[Result "0-1"]
[WhiteElo "3065"]
[BlackElo "2966"]
[TimeControl "180+1"]
[EndTime "9:53:43 PDT"]
[Termination "Anton_Demchenko won by resignation"]

1. d4 Nf6 2. c4 d6 3. Nf3 Nc6 4.
Nc3 e5 5. g3 Be7 6. Bg2 O-O 7.
O-O h6 8. h3 Bf5 9. d5 Nb4 10.
Ne1 a5 11. e4 Bh7 12. Be3 Nd7 13.
a3 Na6 14. Nd3 f5 15. exf5 Bxf5 16. Ne4 Nf6 17. f3 c6 18. Ndf2 Nc7 19. Rc1 cxd5 20.
Nxf6+ Bxf6 21. cxd5 Nb5 22. Ne4 Bxe4 23. fxe4 Nd4 24.
h4 Qb6 25. Rf2 Rac8 26. Bh3 Rxc1 27. Qxc1 Qb3 28. Kg2 Qd3 29. Bxd4 Qxe4+ 30. Kh2 exd4 31. Be6+ Kh8 32. Kh3 d3 33. Qc7 Qh1+ 34. Kg4 Qd1+ 35. Kh3 d2 36. Qxd6 Qh1+ 37. Rh2 Qf1+ 38. Rg2 Rd8 0-1

[Event "Early-Titled-Tuesday-Blitz-September-05-2023"]
[Site "Chess.com"]
[Date "2023.09.05"]
[Round "10"]
[White "ExchangeAB"]
[Black "Karttunen"]
[Result "0-1"]
[WhiteElo "2427"]
[BlackElo "2578"]
[TimeControl "180+1"]
[EndTime "9:53:43 PDT"]
[Termination "Karttunen won by resignation"]

1. d4 Nf6 2. Nc3 d5 3. Bf4 e6 4. e3 Bb4 5. Bd3 c5 6. dxc5 Qa5 7. Ne2 Bxc5 8. O-O Nbd7 9. Nb5 e5 10. Bg3 a6 11. b4 Bxb4 12. a3 Be7 13. Bf5 Qxb5 14.
Rb1 Qc5 15. c4 dxc4 16. Nc3 O-O 17. Qc2 b5 18. h4 h6 19. Ne4 Qc7 20. Rbd1 Bb7 21.
f3 Nc5 22. h5 Rad8 23. Bh2 Rxd1 24. Rxd1 Rd8 25. Rf1 Ncxe4 26. fxe4 Rd3 27. Qf2 Bc5 28. Kh1 Bxe3 29. Qh4 Bg5 30. Qf2 Nxe4 31. Qa7 Nc5 32. Bxe5 Qxe5 0-1

[Event "Early-Titled-Tuesday-Blitz-September-05-2023"]
[Site "Chess.com"]
[Date "2023.09.05"]
[Round "10"]
[White "campochess"]
[Black "maurovargas01"]
[Result "1-0"]
[WhiteElo "2164"]
[BlackElo "1865"]
[TimeControl "180+1"]
[EndTime "9:53:43 PDT"]
[Termination "campochess won on time"]

1. d4 d5 2. Bg5 Nf6 3. Nd2 h6 4. Bxf6 gxf6 5. e3 Bf5 6. c4 e6 7. Ne2 c6 8. Nc3 Bd6 9. Be2 Bg6 10.
Nf3 Nd7 11. O-O Qc7 12. h3 Rg8 13. Kh1 O-O-O 14. cxd5 exd5 15. Nxd5 Qa5 16. Nc3 Kb8 17. Rc1 Qf5 18. Nh4 Qe6 19. Nxg6 Rxg6 20. Bf3 Bc7 21. e4 Qd6 22. e5 fxe5 23. Ne4 Qe7 24. d5 f5 25. d6 Bxd6 26. Nxd6 Rxd6 27. Qc2 e4 28. Be2 Rg6 29. Rcd1 Qg5 30. g3 h5 31. Rg1 Ne5 32.
Rxd8+ Qxd8 33. Rd1 Qb6 34. Qc3 Nf7 35. Bxh5 Rh6 36.
Bxf7 Rxh3+ 37. Kg2 Rh7 38. Qe5+ Kc8 39. Qe8+ 1-0

[Event "Early-Titled-Tuesday-Blitz-September-05-2023"]
[Site "Chess.com"]
[Date "2023.09.05"]
[Round "10"]
[White "GrumbleBruno"]
[Black "ferrufino64"]
[Result "0-1"]
[WhiteElo "2428"]
[BlackElo "2186"]
[TimeControl "180+1"]
[EndTime "9:53:45 PDT"]
[Termination "ferrufino64 won on time"]

1. e4 c5 2. c3 d5 3. exd5 Qxd5 4.
d4 Nf6 5. Nf3 e6 6. Bd3 Be7 7.
O-O O-O 8. Qe2 cxd4 9. Rd1 Nc6 10. cxd4 a6 11. Nc3 Qd8 12. Bg5 Nb4 13. Bb1 Nbd5 14.
Ne5 Nxc3 15. bxc3 Nd5 16. Qd3 g6 17. Bh6 Re8 18. c4 Nb4 19. Qf3 f5 20. Qg3 Bf6 21. Nxg6 hxg6 22. Qxg6+ Kh8 23. Qh5 Kg8 24. a3 Qe7 25. axb4 Qf7 26. Qxf7+ Kxf7 27. Ra3 Bd7 28. d5 e5 29. c5 f4 30. h4 Bxh4 31. g3 Rg8 32. Kf1 fxg3 33. fxg3 Bxg3 34. Rf3+ Ke7 35. d6+ Kd8 0-1

[Event "Early-Titled-Tuesday-Blitz-September-05-2023"]
[Site "Chess.com"]
[Date "2023.09.05"]
[Round "10"]
[White "slidingknight2775"]
[Black "Ducke13"]
[Result "1-0"]
[WhiteElo "2573"]
[BlackElo "2438"]
[TimeControl "180+1"]
[EndTime "9:53:46 PDT"]
[Termination "slidingknight2775 won on time"]

1. d4 Nf6 2. c4 g6 3. Nc3 Bg7 4. Nf3 d6 5. Bg5 O-O 6. e3 c5 7.
Be2 Nc6 8. O-O h6 9. Bh4 a6 10. h3 cxd4 11. exd4 g5 12. Bg3 d5 13. Ne5 dxc4 14.
Nxc6 bxc6 15. Bxc4 Nd5 16. Qf3 Nxc3 17. bxc3 Qa5 18.
Rfe1 Ra7 19. Rab1 c5 20. Be5 cxd4 21. cxd4 Rb7 22. Bb3 e6 23. h4 Rb5 24. Qg3 f6 25.
Bc7 Qd2 26. Rbd1 Qe2 27. Rxe2 1-0

[Event "Early-Titled-Tuesday-Blitz-September-05-2023"]
[Site "Chess.com"]
[Date "2023.09.05"]
[Round "10"]
[White "viktorgen2021"]
[Black "Agibileg"]
[Result "0-1"]
[WhiteElo "2491"]
[BlackElo "2671"]
[TimeControl "180+1"]
[EndTime "9:53:47 PDT"]
[Termination "Agibileg won by checkmate"]

1. d4 Nf6 2. Nf3 g6 3. g3 Bg7 4.
Bg2 O-O 5. O-O d6 6. a4 a5 7.
Nc3 Nbd7 8. e4 e5 9. h3 exd4 10. Nxd4 Re8 11. Re1 Nc5 12. Bf4 Bd7 13. Qd2 Qc8 14.
Kh2 Ne6 15. Be3 Nc5 16. Bg5 Re5 17. f4 Re8 18. e5 dxe5 19. fxe5 Nh5 20. g4 Rxe5 21. gxh5 Rxg5 22. Qxg5 Bxd4 23. Nd5 Qb8 24. Ne7+ Kg7 25. hxg6 hxg6 26. Rf1 c6+ 27. Kh1 Qd6 28. Rad1 Rh8 29. c3 Bxh3 30. Rxd4 Bxg2+ 31. Kxg2 Qh2+ 32. Kf3 Rh3+ 33. Kg4 Qg3# 0-1

[Event "Early-Titled-Tuesday-Blitz-September-05-2023"]
[Site "Chess.com"]
[Date "2023.09.05"]
[Round "10"]
[White "nss13"]
[Black "LileKoridze"]
[Result "0-1"]
[WhiteElo "2501"]
[BlackElo "2395"]
[TimeControl "180+1"]
[EndTime "9:53:48 PDT"]
[Termination "LileKoridze won on time"]

1. e4 c5 2. Nf3 d6 3. Bb5+ Nd7 4.
O-O a6 5. Bd3 g6 6. c3 Bg7 7.
Bc2 Ngf6 8. d4 cxd4 9. cxd4 e5 10. Nc3 O-O 11. Re1 exd4 12. Nxd4 Ne5 13. Bg5 Be6 14.
Nxe6 fxe6 15. Bb3 Qe7 16. f4 Nc6 17. f5 Kh8 18. Bxe6 Ne5 19. Nd5 Qd8 20. Kh1 Qa5 21.
Nxf6 Bxf6 22. Bxf6+ Rxf6 23. Qd4 gxf5 24. exf5 Rd8 25.
Rad1 Rff8 26. b4 Qc7 27. Rc1 Qg7 28. Rc3 Qf6 29. Rec1 Qg5 30. h3 Rf6 31. Qe3 Qg7 32.
Rc7 Qf8 33. Rxb7 Rh6 34. Rcc7 Qf6 35. Qd4 Qg5 36. Rc3 Rf8 37. Kh2 Qf6 38. Kh1 Rd8 39. Rg3 Rh4 40. Qxd6 Ng4 41. Rd7 Qa1+ 42. Qd1 Qxd1+ 0-1

[Event "Early-Titled-Tuesday-Blitz-September-05-2023"]
[Site "Chess.com"]
[Date "2023.09.05"]
[Round "10"]
[White "rdarruda"]
[Black "smilingice"]
[Result "0-1"]
[WhiteElo "2552"]
[BlackElo "2434"]
[TimeControl "180+1"]
[EndTime "9:53:49 PDT"]
[Termination "smilingice won by resignation"]

1. d4 Nf6 2. Nf3 g6 3. Nc3 Bg7 4. e4 d6 5. Bg5 c6 6. Qd2 b5 7. Bd3 Bb7 8. Bh6 O-O 9. Bxg7 Kxg7 10. h4 h5 11. O-O-O Nbd7 12. e5 Ng4 13. e6 fxe6 14. Ng5 Rf6 15. Nce4 Nf8 16. f3 Nh6 17. Nxf6 exf6 18.
Ne4 Nf5 19. c3 e5 20. g4 hxg4 21. fxg4 Nh6 22. Nxf6 Qxf6 23. g5 Qf4 24. gxh6+ Kxh6 25. Qxf4+ exf4 26. Rhf1 Ne6 27. Rde1 Re8 28. Rg1 Bc8 29. Rxg6+ Kh5 30. Bf5 Rf8 31. Bd3 f3 32. Rgxe6 f2 33.
Bg6+ Kh6 34. h5 Bxe6 35. Rf1 Bh3 0-1

[Event "Early-Titled-Tuesday-Blitz-September-05-2023"]
[Site "Chess.com"]
[Date "2023.09.05"]
[Round "10"]
[White "kushbhagat2009"]
[Black "Speshka"]
[Result "1-0"]
[WhiteElo "2636"]
[BlackElo "2526"]
[TimeControl "180+1"]
[EndTime "9:53:50 PDT"]
[Termination "kushbhagat2009 won by resignation"]

1. d4 Nf6 2. Bf4 g6 3. e3 d6 4. Nf3 Bg7 5. Be2 O-O 6. h3 Nbd7 7. O-O c6 8. c4 Qc7 9. Nc3 e5 10. Bh2 a5 11. a3 b6 12. b4 axb4 13. axb4 Bb7 14. Rxa8 Rxa8 15. c5 bxc5 16. bxc5 Qa5 17. Qb3 exd4 18. exd4 Re8 19. Bxd6 Ba6 20. Bxa6 Qxa6 21.
Ne5 Nxe5 22. Bxe5 Nd7 23. Bxg7 Kxg7 24. Rd1 Nf6 25. d5 cxd5 26. Nxd5 Nxd5 27. Qxd5 Re6 28.
Qd4+ Kg8 29. Qc3 Qc8 30. Qa5 Kg7 31. Rd8 Qc6 32. Qc3+ f6 33. Qd4 Qe4 34. Qxe4 Rxe4 35.
c6 Rc4 36. Rd7+ Kh6 37. c7 f5 38. Kf1 Rc2 39. Ke1 g5 40. Kd1 Rc5 41. Kd2 Kg6 42. Kd3 Kf6 43. Rxh7 Ke5 44. g3 Rc6 45. h4 gxh4 46.
gxh4 Kf6 47. Rh6+ 1-0

[Event "Early-Titled-Tuesday-Blitz-September-05-2023"]
[Site "Chess.com"]
[Date "2023.09.05"]
[Round "10"]
[White "Aleksandar-Topalov"]
[Black "MathiasWomacka"]
[Result "1-0"]
[WhiteElo "2386"]
[BlackElo "2479"]
[TimeControl "180+1"]
[EndTime "9:53:50 PDT"]
[Termination "Aleksandar-Topalov won on time"]

1. b3 e5 2. Bb2 Nc6 3. c4 Nf6 4. e3 d5 5. cxd5 Nxd5 6. a3 Bd6 7. Qc2 O-O 8. Nf3 f5 9. d3 Be6 10. g3 a5 11. Nbd2 Qe7 12. Be2 Kh8 13. Nc4 Bf7 14.
d4 e4 15. Nfe5 Be8 16. h4 Nxe5 17. Nxe5 c5 18. Bc4 Nb6 19. h5 Bxe5 20. dxe5 Nxc4 21. Qxc4 Bf7 22. e6 Qxe6 23. Qc3 Qf6 24. h6 Qxc3+ 25. Bxc3 Kg8 26. hxg7 Rfd8 27. Rh6 Rd3 28. Rc1 Bxb3 29. Rb6 Rad8 30. Rxb3 R8d7 31. Rb5 R3d5 32. Rxa5 Rd8 33.
Rb5 R8d7 34. Ba1 Rc7 35. Bd4 cxd4 36. Rxc7 Rxb5 37. exd4 1-0

[Event "Early-Titled-Tuesday-Blitz-September-05-2023"]
[Site "Chess.com"]
[Date "2023.09.05"]
[Round "10"]
[White "enkhtuul"]
[Black "Langua_Chess"]
[Result "1/2-1/2"]
[WhiteElo "2369"]
[BlackElo "2477"]
[TimeControl "180+1"]
[EndTime "9:53:51 PDT"]
[Termination "Game drawn by repetition"]

1. d4 d5 2. Nf3 Nf6 3. c4 c6 4.
Qc2 dxc4 5. Qxc4 Bf5 6. g3 e6 7. Bg2 h6 8. O-O Be7 9. Nc3 O-O 10. Ne5 Nbd7 11. Nxd7 Qxd7 12. e4 Bh7 13. a3 Rfd8 14.
Be3 Ng4 15. Rad1 Nxe3 16. fxe3 a5 17. e5 Rac8 18. b4 axb4 19. axb4 Ra8 20. b5 cxb5 21. Nxb5 Rdc8 22. Qe2 Rc2 23. Qf3 Qxb5 24. Qxf7+ Kh8 25. Qxe7 Qe2 26. Qxb7 Raa2 27. Rf8+ Bg8 28. Rxg8+ Kxg8 29. Qb8+ Kh7 30. Be4+ g6 31. Qb7+ Kh8 32. Qb8+ Kg7 33. Qb7+ Kh8 34. Qb8+ Kg7 35. Bxc2 Rxc2 36. Qb7+ Kh8 37.
Qa8+ Kg7 38. Qa7+ Kh8 39. Qb8+ Kg7 40. Qb7+ Kh8 41. Qb8+ Kg7 1/2-1/2

[Event "Early-Titled-Tuesday-Blitz-September-05-2023"]
[Site "Chess.com"]
[Date "2023.09.05"]
[Round "10"]
[White "I_am_Javi"]
[Black "FairChess_on_YouTube"]
[Result "0-1"]
[WhiteElo "2751"]
[BlackElo "3049"]
[TimeControl "180+1"]
[EndTime "9:53:56 PDT"]
[Termination "FairChess_on_YouTube won by resignation"]

1. e4 c5 2. Nf3 e6 3. d4 cxd4 4. Nxd4 Nc6 5. Nc3 Qc7 6. Nxc6 bxc6 7. Bd3 Nf6 8. O-O Bc5 9. Kh1 e5 10. Bg5 Rb8 11. f4 Bd6 12. Bc4 exf4 13. Bxf6 gxf6 14. Qh5 Rf8 15. Qxh7 Be5 16. Bb3 Ba6 17. Rf3 Ke7 18. Re1 d6 19. h3 Qd8 20. Ne2 Bxe2 21. Rxe2 Qe8 22. c3 Rg8 23. Qh4 Rg5 24. Qf2 Qd7 25. Qf1 Rh8 26. Rd2 Qg4 27. Qc4 Qh5 28. Qxc6 Kf8 29.
Qd7 Kg7 30. Be6 Qh4 31. Re2 Kh6 32. Qxf7 Rg7 33. g3 fxg3 0-1

[Event "Early-Titled-Tuesday-Blitz-September-05-2023"]
[Site "Chess.com"]
[Date "2023.09.05"]
[Round "10"]
[White "Rurep26"]
[Black "jk13"]
[Result "1-0"]
[WhiteElo "2830"]
[BlackElo "2678"]
[TimeControl "180+1"]
[EndTime "9:53:56 PDT"]
[Termination "Rurep26 won by checkmate"]

1. d4 Nf6 2. Bf4 d5 3. e3 e6 4. Nd2 Bd6 5. Bg3 O-O 6. Bd3 b6 7. e4 Be7 8. e5 Nfd7 9. Ngf3 c5 10. c3 Ba6 11. Bc2 cxd4 12. Nxd4 Qc7 13. N2f3 Nc6 14. h4 h6 15. Nxc6 Qxc6 16. Nd4 Qc7 17. Qh5 Qc4 18. Rd1 Qxa2 19. Bf4 Qxb2 20. Bxh6 Qxc3+ 21. Bd2 Qxc2 22. Nxc2 Rfc8 23. Nd4 Rc4 24. Be3 Bb4+ 25. Kf1 Rxd4+ 26. Kg1 Rxd1+ 27. Qxd1 Bc4 28. Qa4 Nxe5 29. Qxb4 a5 30. Qxb6 a4 31. Bd4 Nd3 32. Qb7 Ra6 33. Qb8+ Kh7 34. h5 e5 35. Bxe5 Nxe5 36.
Qxe5 a3 37. Qf5+ Kh6 38. g4 a2 39. g5# 1-0

[Event "Early-Titled-Tuesday-Blitz-September-05-2023"]
[Site "Chess.com"]
[Date "2023.09.05"]
[Round "10"]
[White "SaiHanThiha"]
[Black "CFalcons8"]
[Result "1-0"]
[WhiteElo "2470"]
[BlackElo "2292"]
[TimeControl "180+1"]
[EndTime "9:53:56 PDT"]
[Termination "SaiHanThiha won on time"]

1. Nf3 Nf6 2. g3 d5 3. Bg2 Bf5 4. O-O e6 5. c4 c6 6. Qb3 b6 7.
cxd5 exd5 8. d3 Nbd7 9. Nd4 Nc5 10. Qc2 Bd7 11. e4 dxe4 12. dxe4 Qc8 13. Nc3 Ne6 14. Nf5 g6 15. Re1 Bc5 16. Bh6 Bf8 17. Qd2 Qc7 18. Bxf8 Kxf8 19. Qh6+ Ke8 20. Rad1 Rd8 21.
Qh4 Qe5 22. f4 Qc5+ 23. Kh1 Ng8 24. Nd6+ Kf8 25. f5 1-0

[Event "Early-Titled-Tuesday-Blitz-September-05-2023"]
[Site "Chess.com"]
[Date "2023.09.05"]
[Round "10"]
[White "Grossboss19"]
[Black "thedjoker98"]
[Result "0-1"]
[WhiteElo "2506"]
[BlackElo "2627"]
[TimeControl "180+1"]
[EndTime "9:53:57 PDT"]
[Termination "thedjoker98 won by checkmate"]

1. Nf3 d5 2. d3 Nf6 3. g3 Bg4 4. Bg2 Nbd7 5. O-O e5 6. c3 c6 7.
Qc2 Qc7 8. e4 dxe4 9. dxe4 a5 10.
h3 Bh5 11. Bg5 h6 12. Bxf6 Nxf6 13. Nbd2 Be7 14. a4 O-O 15. Nh4 Rfd8 16. g4 Bg6 17.
Nxg6 fxg6 18. Rad1 Nd7 19. Nf3 Nc5 20. Qe2 Kh7 21.
Qc4 b5 22. axb5 cxb5 23. Qxb5 Rab8 24. Qe2 Ne6 25. Rxd8 Rxd8 26. Qb5 Bf6 27. Qa4 Nf4 28. Rd1 Rb8 29. Qc2 Qb7 30. Rb1 g5 31. Bf1 Qd7 32.
Ne1 h5 33. f3 Bd8 34. Kh2 Bb6 35. Nd3 Rf8 36. Rd1 Qa7 37. Nxe5 Bc7 38. Nd7 Ne2+ 39. f4 Qg1# 0-1

[Event "Early-Titled-Tuesday-Blitz-September-05-2023"]
[Site "Chess.com"]
[Date "2023.09.05"]
[Round "10"]
[White "rachidhuilda"]
[Black "PavelChernomordik"]
[Result "0-1"]
[WhiteElo "2297"]
[BlackElo "2478"]
[TimeControl "180+1"]
[EndTime "9:53:57 PDT"]
[Termination "PavelChernomordik won by resignation"]

1. d4 g6 2. e4 Bg7 3. Nc3 d6 4. Nf3 a6 5. a4 b6 6. Bc4 e6 7. O-O Bb7 8. Bg5 Ne7 9. Re1 h6 10. Be3 g5 11. h3 Ng6 12. Qd2 Nd7 13. Rad1 O-O 14. Nh2 Nf6 15. f3 Nh5 16. Ne2 e5 17. dxe5 Bxe5 18. Ng4 Bg7 19. Bd4 Ne5 20. Nxe5 dxe5 21. Bc3 Qf6 22. Qe3 Rfd8 23. Kh2 Kh7 24. Rd3 Nf4 25. Nxf4 gxf4 26. Qf2 Bf8 27. Red1 Bc5 28.
Qe1 Rg8 29. Rd7 Rg7 30. Bd5 Bxd5 31. R1xd5 Bd6 32. Rd2 Qe6 33. R7xd6 cxd6 34. Qh4 f6 35. Bb4 Rd8 36. Qh5 d5 37. exd5 Rxd5 38. Rxd5 Qxd5 39. Bf8 Rg6 40. Qf5 Qd2 0-1

[Event "Early-Titled-Tuesday-Blitz-September-05-2023"]
[Site "Chess.com"]
[Date "2023.09.05"]
[Round "10"]
[White "suspiciumchess"]
[Black "BigPiano"]
[Result "1/2-1/2"]
[WhiteElo "2266"]
[BlackElo "2369"]
[TimeControl "180+1"]
[EndTime "9:53:59 PDT"]
[Termination "Game drawn - insufficient material"]

1. d4 Nf6 2. c4 c5 3. d5 b5 4.
cxb5 a6 5. b6 e6 6. Nc3 Nxd5 7.
Nxd5 exd5 8. Qxd5 Nc6 9. e4 Be7 10. Nf3 O-O 11. Bc4 Rb8 12. O-O Rxb6 13. b3 d6 14. Bb2 Be6 15. Qd3 Bxc4 16. Qxc4 Bf6 17. Bxf6 Qxf6 18. Rad1 h6 19. Rd2 Ne5 20. Nxe5 Qxe5 21.
Rfd1 Rb4 22. Qxa6 Rxe4 23. g3 Re1+ 24. Kg2 Qe4+ 25. f3 Rxd1 26. fxe4 Rxd2+ 27. Kf3 f5 28. Qc4+ Kh8 29. exf5 Rxf5+ 30. Ke3 Rxa2 31. Qd3 Re5+ 32. Kf3 d5 33. Qb5 Rae2 34. Qxc5 Rxh2 35. Qb4 Rhe2 36. Qb8+ Kh7 37. Qa7 R2e3+ 38. Qxe3 Rxe3+ 39. Kxe3 Kg6 40. Kd4 Kf6 41. Kxd5 Ke7 42. b4 h5 43. Ke5 g5 44.
Kf5 h4 45. gxh4 gxh4 46. Kg4 Kd6 47. Kh3 Kc6 48. Kg2 Kb5 49. Kh2 Kxb4 50. Kh3 Kc4 51. Kxh4 1/2-1/2

[Event "Early-Titled-Tuesday-Blitz-September-05-2023"]
[Site "Chess.com"]
[Date "2023.09.05"]
[Round "10"]
[White "ArmanGhevondyanchess"]
[Black "blitzking1729"]
[Result "0-1"]
[WhiteElo "2514"]
[BlackElo "2773"]
[TimeControl "180+1"]
[EndTime "9:54:01 PDT"]
[Termination "blitzking1729 won by resignation"]

1. Nf3 d5 2. d4 Nf6 3. g3 b5 4.
Bg2 Bb7 5. O-O Nbd7 6. Ne5 e6 7. Na3 Nxe5 8. dxe5 Nd7 9. Nxb5 Nxe5 10. Bf4 a6 11.
Bxe5 axb5 12. e4 dxe4 13. Qe2 Qd5 14. Bxc7 Be7 15. Rad1 Qc6 16. Be5 O-O 17. a3 f6 18.
Bc3 Bxa3 19. Bxf6 Rxf6 20. bxa3 Rxa3 21. Rd8+ Rf8 22. Qd2 Ra8 23. Rxa8 Rxa8 24. Re1 Qc4 25. Bf1 Qc5 26. Bg2 Qc4 27. Bf1 Qd5 28. Qe3 Rc8 29. c3 Qc5 30. Qxc5 Rxc5 31. Re3 Bc6 32. Bg2 Kf7 33. Bxe4 Bxe4 34. Rxe4 Rxc3 35. Rh4 h6 36.
Rh5 b4 37. Rb5 b3 38. h4 g6 39. Kg2 h5 40. Rb7+ Kf6 41. Rb5 Ke7 42. f3 Kd6 43. g4 Kc6 44. Rb8 Kc5 45. gxh5 gxh5 46. Kg3 e5 47.
Kf2 Kd4 48. Rd8+ Kc4 49. Rc8+ Kd3 50. Rb8 Kc2 0-1

[Event "Early-Titled-Tuesday-Blitz-September-05-2023"]
[Site "Chess.com"]
[Date "2023.09.05"]
[Round "10"]
[White "vovachesss"]
[Black "blitzo_vich"]
[Result "1-0"]
[WhiteElo "2779"]
[BlackElo "2628"]
[TimeControl "180+1"]
[EndTime "9:54:02 PDT"]
[Termination "vovachesss won on time"]

1. d4 Nf6 2. c4 g6 3. Nc3 Bg7 4. Bg5 O-O 5. Qd2 c5 6. d5 d6 7.
h4 Qb6 8. e4 h6 9. Bf4 e5 10.
dxe6 Bxe6 11. O-O-O h5 12. Nh3 Nc6 13. Ng5 Nd4 14. f3 Nd7 15. Bd3 Ne5 16. Nxe6 fxe6 17. Be3 Qa6 18. Kb1 Nxc4 19. Qc1 b5 20. Nxb5 Nxb2 21. Qxb2 Nf5 22. Nc3 c4 23. exf5 1-0

[Event "Early-Titled-Tuesday-Blitz-September-05-2023"]
[Site "Chess.com"]
[Date "2023.09.05"]
[Round "10"]
[White "vladgoncharov"]
[Black "McCarthyStone"]
[Result "1-0"]
[WhiteElo "2557"]
[BlackElo "2429"]
[TimeControl "180+1"]
[EndTime "9:54:02 PDT"]
[Termination "vladgoncharov won by resignation"]

1. d4 d6 2. e4 Nf6 3. Nc3 e5 4. dxe5 dxe5 5. Qxd8+ Kxd8 6. Bc4 Be6 7. Bxe6 fxe6 8. f3 Bb4 9. Bd2 Nbd7 10. a3 Bc5 11.
Nh3 a5 12. Nf2 c6 13. Nd3 Bd4 14. Ne2 Bb6 15. Bc3 Bc7 16. a4 b5 17. b3 Kc8 18.
Ng3 Kb7 19. Nf1 g6 20. Ke2 Rhf8 21. Ne3 Nh5 22. g3 Rf7 23. Ng4 Nhf6 24. Ngxe5 Nxe5 25. Bxe5 Bb6 26. Bxf6 Rxf6 27. c3 Re8 28. h4 e5 29. Rhf1 h6 30. b4 axb4 31. Nxb4 bxa4 32. Rxa4 Rd8 33. Rd1 Rxd1 34. Kxd1 Rxf3 35. Kc2 Rxg3 36.
Nd3 Bc7 37. Rb4+ Kc8 38. Rc4 Kd7 39. Nc5+ Ke7 40. Nb7 Kd7 41. Nc5+ Ke7 42. Na6 Kd6 43.
Nb4 c5 44. Nd3 Bb6 45. Ra4 Rg4 46. Ra6 Kc6 47. Nxe5+ Kb5 48. Rxb6+ Kxb6 49. Nxg4 g5 50. hxg5 hxg5 51. Kd3 Kc6 52. Kc4 Kd6 53. e5+ Ke6 54.
Kxc5 Kf5 55. Kd6 Kxg4 56. e6 Kh3 57. e7 g4 58. e8=Q g3 59. Qh8+ 1-0

[Event "Early-Titled-Tuesday-Blitz-September-05-2023"]
[Site "Chess.com"]
[Date "2023.09.05"]
[Round "10"]
[White "HeinichessPY"]
[Black "effefe"]
[Result "0-1"]
[WhiteElo "2220"]
[BlackElo "2350"]
[TimeControl "180+1"]
[EndTime "9:54:03 PDT"]
[Termination "effefe won on time"]

1. e4 c5 2. Nc3 d6 3. f4 g6 4. Nf3 Bg7 5. Bc4 Nf6 6. d3 O-O 7. O-O Nc6 8. Qe1 a6 9. Qh4 b5 10. Bb3 Na5 11. f5 Nxb3 12. axb3 e6 13. Bh6 exf5 14. Ng5 Nh5 15. Bxg7 Kxg7 16. exf5 h6 17. fxg6 Qxg5 18. Qe4 Ra7 19. h4 Qg4 20. Qe1 Bb7 21. Qf2 Nf4 22. gxf7 Nh3+ 23. Kh2 Nxf2 24. Rxf2 Qxh4+ 25. Kg1 Rxf7 26. Rxf7+ Kxf7 27. Rf1+ Kg7 28. Ne2 Bc6 29. Nf4 Qg4 30. Rf2 Rf7 0-1

[Event "Early-Titled-Tuesday-Blitz-September-05-2023"]
[Site "Chess.com"]
[Date "2023.09.05"]
[Round "10"]
[White "Legendinunknown"]
[Black "Yeremyan_ChessMate"]
[Result "1/2-1/2"]
[WhiteElo "2820"]
[BlackElo "2685"]
[TimeControl "180+1"]
[EndTime "9:54:05 PDT"]
[Termination "Game drawn by repetition"]

1. e4 Nf6 2. e5 Nd5 3. d4 d6 4. c4 Nb6 5. f4 dxe5 6. fxe5 Bf5 7. Be3 e6 8. Nc3 Nc6 9. Nf3 Bg4 10. Be2 Bxf3 11. gxf3 Qh4+ 12. Bf2 Qf4 13. c5 Nd7 14.
Qd2 Qxd2+ 15. Kxd2 O-O-O 16. Kc2 Ne7 17. f4 Nb8 18. Bf3 Nbc6 19. Rad1 Nb4+ 20. Kb1 Nbd5 21. Nxd5 Nxd5 22. Bxd5 Rxd5 23. Be3 g6 24. Kc2 h5 25. b4 c6 26. Kd3 Be7 27. a4 Rhd8 28. Ke4 Kc7 29. Rb1 a6 30. Rb3 f5+ 31. Kf3 Rg8 32.
Rg1 Rdd8 33. b5 axb5 34. axb5 Ra8 35. Rgb1 Rgb8 36. Bd2 Kc8 37. Ke2 Kc7 38. Kd3 Bh4 39.
h3 Be7 40. Be1 Bd8 41. bxc6 Kxc6 42. Rb6+ Bxb6 43. Rxb6+ Kd7 44. Rd6+ Ke7 45. Bh4+ Kf7 46. Rd7+ Kf8 47. Bf6 Ra3+ 48. Kc4 b5+ 49. cxb6 Rxb6 50.
Rd8+ Kf7 51. Rd7+ Kf8 52. Rh7 Rxh3 53. Kc5 Ra6 54. Kb5 Ra2 55. Rh8+ Kf7 56. Rh7+ Kf8 57. d5 Rb2+ 58. Kc5 Rc3+ 59. Kd4 Rbb3 60. Rh8+ Kf7 61. Rh7+ Kf8 62. dxe6 Rd3+ 63. Kc5 Rbc3+ 64. Kb6 Rb3+ 65.
Kc6 Rbc3+ 66. Kb5 Rb3+ 67. Kc5 Rbc3+ 68. Kb4 Rb3+ 69. Kc5 1/2-1/2

[Event "Early-Titled-Tuesday-Blitz-September-05-2023"]
[Site "Chess.com"]
[Date "2023.09.05"]
[Round "10"]
[White "SashaKuzhilniy"]
[Black "FormerProdigy"]
[Result "0-1"]
[WhiteElo "2644"]
[BlackElo "2905"]
[TimeControl "180+1"]
[EndTime "9:54:07 PDT"]
[Termination "FormerProdigy won by resignation"]

1. e4 c5 2. Nf3 d6 3. d4 cxd4 4. Nxd4 Nf6 5. Nc3 a6 6. Bg5 Nbd7 7. Bc4 Qb6 8. Bb3 e6 9. Bxf6 Nxf6 10. Qd2 Nd7 11. O-O-O Nc5 12. f4 Bd7 13. Kb1 O-O-O 14. f5 Be7 15. g4 Bf6 16. Rhe1 h6 17. Nf3 Bc6 18. h4 Kb8 19. fxe6 fxe6 20. g5 hxg5 21. hxg5 Bxc3 22. Qxc3 Nxe4 23. Qxg7 Nf2 24. Rxd6 Rxd6 25. Qxh8+ Ka7 26. Qc3 Ne4 27. Qe5 Qf2 28. a3 Qxf3 29.
g6 Qg2 30. g7 Rd7 31. Bxe6 Rxg7 32. Qd4+ b6 33. Bd5 Bxd5 34. Qxd5 Nc3+ 35. bxc3 Qxd5 0-1

[Event "Early-Titled-Tuesday-Blitz-September-05-2023"]
[Site "Chess.com"]
[Date "2023.09.05"]
[Round "10"]
[White "FGHSMN"]
[Black "Vuk2000"]
[Result "0-1"]
[WhiteElo "2897"]
[BlackElo "2763"]
[TimeControl "180+1"]
[EndTime "9:54:07 PDT"]
[Termination "Vuk2000 won by resignation"]

1. b3 e5 2. Bb2 Nc6 3. c4 g6 4. e3 Bg7 5. Nf3 Nf6 6. Nxe5 O-O 7.
Nxc6 bxc6 8. Be2 Re8 9. O-O a5 10. Nc3 Qe7 11. d4 d6 12. Bf3 Bd7 13. Rc1 h5 14. h3 Nh7 15. Ne4 Qh4 16. Nd2 Ng5 17. Re1 Bh6 18. Qe2 Bxh3 19. gxh3 Nxh3+ 20. Kf1 Nf4 21.
Qd1 Nd3 22. Qe2 Nf4 23. Qd1 Nd3 24. Re2 Bxe3 25. fxe3 Rxe3 26. Rc3 Nxb2 27. Qc2 Qh3+ 28. Kg1 Qg3+ 29. Kf1 Qh3+ 30. Bg2 Rxc3 31. Qxb2 Qg3 32. Ne4 Qf4+ 33. Rf2 Qc1+ 34. Ke2 Qxb2+ 0-1

[Event "Early-Titled-Tuesday-Blitz-September-05-2023"]
[Site "Chess.com"]
[Date "2023.09.05"]
[Round "10"]
[White "suyu28"]
[Black "tteshan"]
[Result "1-0"]
[WhiteElo "2724"]
[BlackElo "2565"]
[TimeControl "180+1"]
[EndTime "9:54:07 PDT"]
[Termination "suyu28 won by resignation"]

1. d4 d5 2. c4 dxc4 3. Nf3 Nf6 4. e3 Bg4 5. h3 Bh5 6. Bxc4 e6 7. Nc3 a6 8. g4 Bg6 9. Ne5 Nbd7 10. Nxg6 hxg6 11. g5 Nd5 12. Nxd5 exd5 13. Bxd5 c6 14. Bc4 Nb6 15. Bb3 Qxg5 16. Qf3 Bb4+ 17. Kf1 O-O 18. Rg1 Qb5+ 19.
Kg2 a5 20. a4 Qd3 21. Qd1 Qe4+ 22. Kf1 Nd5 23. Bc2 Qh4 24. Qg4 Qf6 25. Kg2 Rfe8 26. Qf3 Qh4 27. Qg4 Qf6 28. Qf3 Qh4 29. e4 Nf6 30. Bf4 Nh5 31. Be5 f6 32. Bh2 Bd2 33.
Kh1 Bf4 34. Rg4 1-0

[Event "Early-Titled-Tuesday-Blitz-September-05-2023"]
[Site "Chess.com"]
[Date "2023.09.05"]
[Round "10"]
[White "aghasiyevkamal"]
[Black "Journey_to_GrandMaster_YT"]
[Result "1-0"]
[WhiteElo "2545"]
[BlackElo "2619"]
[TimeControl "180+1"]
[EndTime "9:54:08 PDT"]
[Termination "aghasiyevkamal won by resignation"]

1. d4 d6 2. e4 Nf6 3. Bd3 e5 4. c3 g6 5. Nf3 Nbd7 6. O-O Bg7 7. h3 O-O 8. Bg5 h6 9. Be3 Re8 10. Nbd2 exd4 11. cxd4 c5 12. Nc4 cxd4 13. Bxd4 Nc5 14. Bxc5 dxc5 15. e5 Nd7 16. Nd6 Re7 17. Bc4 Nxe5 18.
Nxe5 Bxe5 19. Nxf7 Qxd1 20. Nxe5+ Kg7 21. Raxd1 Rxe5 22. Rd8 Re4 23. b3 Rd4 24. Rg8+ Kh7 25. Re8 b5 26. Bxb5 Rd6 27. Rfe1 h5 28. h4 g5 29.
hxg5 Kg6 30. f4 Bb7 31. R8e6+ Rxe6 32. Rxe6+ Kf5 33. Rf6+ Kg4 34. g6 Rd8 35. g7 Rd1+ 36. Bf1 Bd5 37. Rd6 Kxf4 38. Rxd5 Rxd5 39. g8=Q Rd1 40.
Qc4+ Ke3 41. Qxc5+ Kd2 42. Qxa7 h4 43. b4 Rb1 44.
Qd4+ 1-0